[Event "82nd Tata Steel Qualifiers 2020"]
[Site "Wijk aan Zee"]
[Date "2020.01.17"]
[Round "1.1"]
[White "De Boer, Eelke"]
[Black "Slingerland, Fred"]
[Result "0-1"]
[ECO "B67"]
[WhiteElo "2324"]
[BlackElo "2333"]
[Annotator "ChessBase"]
[PlyCount "88"]
[EventDate "2020.01.18"]
[EventCountry "NED"]
[SourceTitle "playchess.com"]
[Source "ChessBase"]
[SourceQuality "1"]
[TimeControl "40/6000+30:20/3000+30:900+30"]

1. e4 c5 2. Nf3 d6 3. d4 cxd4 4. Nxd4 Nf6 5. Nc3 Nc6 6. Bg5 e6 7. Qd2 a6 8. O-O-O Bd7 9. f3 b5 10. Nxc6 Bxc6 11. Ne2 Be7 12. Nd4 Bb7 13. h4 Rc8 14. Kb1 Nd7 15. Bd3 Ne5 16. f4 Nc6 17. Bxe7 Qxe7 18. Nb3 O-O 19. c3 Rfd8 20. Qe3 b4 21. c4 a5 22. g3 a4 23. Nd4 Nxd4 24. Qxd4 e5 25. Qe3 exf4 26. gxf4 Re8 27. Rhe1 d5 28. cxd5 Bxd5 29. Qd4 Bb7 30. Rg1 g6 31. e5 Red8 32. Qe3 a3 33. f5 Qxh4 34. e6 Rxd3 35. Rxd3 Be4 36. exf7+ Kf8 37. Qd4 Rd8 38. Qxb4+ Kxf7 39. fxg6+ hxg6 40. Qb3+ Kg7 41. Rgd1 Rxd3 42. Rxd3 Qe1+ 43. Kc2 Qe2+ 44. Kc1 axb2+ 0-1

[Event "82nd Tata Steel Qualifiers 2020"]
[Site "Wijk aan Zee"]
[Date "2020.01.17"]
[Round "1.2"]
[White "Beukema, Stefan"]
[Black "Suleymanli, Aydin"]
[Result "1/2-1/2"]
[ECO "A03"]
[WhiteElo "2389"]
[BlackElo "2473"]
[Annotator "ChessBase"]
[PlyCount "87"]
[EventDate "2020.01.18"]
[EventCountry "NED"]
[SourceTitle "playchess.com"]
[Source "ChessBase"]
[SourceQuality "1"]
[TimeControl "40/6000+30:20/3000+30:900+30"]

1. f4 d5 2. d3 Nf6 3. Nf3 g6 4. g3 Bg7 5. Bg2 O-O 6. O-O c5 7. c3 Nc6 8. Qe1 d4 9. Na3 Nd5 10. Bd2 b6 11. Nc2 Bb7 12. c4 Nc7 13. a3 Qd6 14. b4 Rae8 15. b5 Nb8 16. a4 Nd7 17. a5 Bc8 18. axb6 axb6 19. Ra7 e5 20. f5 Nf6 21. Nh4 Re7 22. h3 Nh5 23. Be4 Nd5 24. Rxe7 Nxe7 25. g4 Nf6 26. Bg2 gxf5 27. gxf5 Kh8 28. Qf2 Rg8 29. Qf3 Bf8 30. Kh1 Qd7 31. Ne1 Ne8 32. f6 Ng6 33. Qh5 Nxh4 34. Qxh4 Nd6 35. Kh2 Nf5 36. Rxf5 Rxg2+ 37. Nxg2 Qxf5 38. Bh6 Bd6 39. Bg7+ Kg8 40. Qg3 Qg6 41. Bh6 Kh8 42. Bg7+ Kg8 43. Bh6 Kh8 44. Bg7+ 1/2-1/2

[Event "82nd Tata Steel Qualifiers 2020"]
[Site "Wijk aan Zee"]
[Date "2020.01.17"]
[Round "1.3"]
[White "Pijpers, Arthur"]
[Black "Van Dael, Siem"]
[Result "0-1"]
[ECO "B33"]
[WhiteElo "2480"]
[BlackElo "2252"]
[Annotator "ChessBase"]
[PlyCount "70"]
[EventDate "2020.01.18"]
[EventCountry "NED"]
[SourceTitle "playchess.com"]
[Source "ChessBase"]
[SourceQuality "1"]
[TimeControl "40/6000+30:20/3000+30:900+30"]

1. e4 c5 2. Nf3 Nc6 3. d4 cxd4 4. Nxd4 Nf6 5. Nc3 e5 6. Ndb5 d6 7. Bg5 a6 8. Na3 b5 9. Nd5 Be7 10. Bxf6 Bxf6 11. c3 Ne7 12. Nxf6+ gxf6 13. Bd3 d5 14. Qe2 Bb7 15. Nc2 f5 16. exf5 e4 17. f6 Ng6 18. Qe3 Qxf6 19. O-O-O O-O 20. Be2 Nf4 21. Nd4 Kh8 22. g3 Ne6 23. f3 Rae8 24. fxe4 Nxd4 25. Rxd4 dxe4 26. Rf1 Qe6 27. Qg5 f6 28. Qf4 Qxa2 29. Rd7 Bd5 30. Qc7 Qa1+ 31. Kd2 e3+ 32. Kd3 Be4+ 33. Kd4 Qxb2 34. Re7 Qxe2 35. Kxe4 Qxf1 0-1

[Event "82nd Tata Steel Qualifiers 2020"]
[Site "Wijk aan Zee"]
[Date "2020.01.17"]
[Round "1.4"]
[White "Zwirs, Nico"]
[Black "Akash G"]
[Result "1/2-1/2"]
[ECO "B67"]
[WhiteElo "2418"]
[BlackElo "2461"]
[Annotator "ChessBase"]
[PlyCount "206"]
[EventDate "2020.01.18"]
[EventCountry "NED"]
[SourceTitle "playchess.com"]
[Source "ChessBase"]
[SourceQuality "1"]
[TimeControl "40/6000+30:20/3000+30:900+30"]

1. e4 c5 2. Nf3 d6 3. d4 cxd4 4. Nxd4 Nf6 5. Nc3 Nc6 6. Bg5 e6 7. Qd2 a6 8. O-O-O Bd7 9. f4 b5 10. Bxf6 gxf6 11. Kb1 Qb6 12. Nxc6 Bxc6 13. f5 Qc5 14. Bd3 h5 15. fxe6 fxe6 16. Rhf1 Bh6 17. Qe2 Qe5 18. Qf2 Bg7 19. Nd5 Kf7 20. Qb6 Bd7 21. Qb7 Rad8 22. Nb6 Ke7 23. Qxa6 f5 24. c3 fxe4 25. Rfe1 e3 26. Nxd7 Rxd7 27. Bxb5 Rb8 28. a4 Qe4+ 29. Rd3 Qxg2 30. Rdxe3 Be5 31. Qc6 Qxc6 32. Bxc6 Rc7 33. Bb5 Rg8 34. R1e2 Rg6 35. Kc2 Bd4 36. Rg3 Rxg3 37. hxg3 Be5 38. Rh2 Bxg3 39. Rxh5 d5 40. a5 Bf2 41. Be2 Kd6 42. Kd2 Rb7 43. b4 d4 44. b5 dxc3+ 45. Kc2 Ra7 46. b6 Bxb6 47. axb6 Rb7 48. Kxc3 Rxb6 49. Kd4 e5+ 50. Kc4 Rb2 51. Rh6+ Ke7 52. Bf3 e4 53. Bxe4 Rd2 54. Kc5 Rd1 55. Bd5 Rc1+ 56. Kd4 Rd1+ 57. Ke5 Re1+ 58. Be4 Re2 59. Rh7+ Ke8 60. Kd5 Kf8 61. Rb7 Re1 62. Bf5 Re7 63. Bd7 Kg7 64. Kd6 Re1 65. Be6+ Kf6 66. Rf7+ Kg5 67. Rf5+ Kh4 68. Rf3 Kg5 69. Bf5 Ra1 70. Be4 Ra6+ 71. Ke5 Ra5+ 72. Bd5 Kh5 73. Rf2 Rb5 74. Rf5+ Kg4 75. Rf4+ Kg5 76. Rf1 Kh5 77. Rg1 Ra5 78. Ke4 Kh6 79. Be6 Rg5 80. Rh1+ Kg6 81. Rh8 Kf6 82. Bd5 Rg4+ 83. Ke3 Ra4 84. Be4 Ra1 85. Rh6+ Ke5 86. Rh5+ Ke6 87. Kf4 Rf1+ 88. Bf3 Kf6 89. Rc5 Ke6 90. Rc6+ Ke7 91. Ke4 Re1+ 92. Kd5 Kf8 93. Rc7 Re7 94. Rc3 Kg7 95. Bg4 Kf6 96. Rf3+ Kg5 97. Be6 Ra7 98. Rf5+ Kg6 99. Rf8 Ra5+ 100. Kd6 Ra6+ 101. Ke7 Ra7+ 102. Bd7 Kg5 103. Rf5+ Kh4 1/2-1/2

[Event "82nd Tata Steel Qualifiers 2020"]
[Site "Wijk aan Zee"]
[Date "2020.01.17"]
[Round "1.5"]
[White "Beerdsen, Thomas"]
[Black "Vogel, Roven"]
[Result "0-1"]
[ECO "B57"]
[WhiteElo "2495"]
[BlackElo "2465"]
[Annotator "ChessBase"]
[PlyCount "84"]
[EventDate "2020.01.18"]
[EventCountry "NED"]
[SourceTitle "playchess.com"]
[Source "ChessBase"]
[SourceQuality "1"]
[TimeControl "40/6000+30:20/3000+30:900+30"]

1. e4 c5 2. Nf3 d6 3. d4 cxd4 4. Nxd4 Nf6 5. Nc3 Nc6 6. Bc4 Qb6 7. Nb3 e6 8. O-O a6 9. a4 Be7 10. Be3 Qc7 11. f4 b6 12. Nd2 O-O 13. Bb3 Nd7 14. f5 Nde5 15. Qh5 Bf6 16. g4 g6 17. Qh3 Qe7 18. Bxb6 Bg5 19. Rad1 Bb7 20. Nf3 Nxf3+ 21. Qxf3 Ne5 22. Qe2 Kh8 23. Bd4 Bf6 24. fxe6 fxe6 25. Qg2 Bc6 26. h3 Nxg4 27. hxg4 Bxd4+ 28. Rxd4 Qa7 29. Ne2 e5 30. Qh2 Bxe4 31. Rxf8+ Rxf8 32. Qh6 Rb8 33. Qe3 exd4 34. Nxd4 Rb4 35. c3 Rxb3 36. Qxe4 Rxb2 37. Qe6 Qb7 38. Qe8+ Kg7 39. Ne6+ Kf6 40. g5+ Kf5 41. Nd4+ Kf4 42. Qf8+ Kg4 0-1

[Event "82nd Tata Steel Qualifiers 2020"]
[Site "Wijk aan Zee"]
[Date "2020.01.18"]
[Round "2.1"]
[White "Slingerland, Fred"]
[Black "Vogel, Roven"]
[Result "0-1"]
[ECO "B92"]
[WhiteElo "2333"]
[BlackElo "2465"]
[Annotator "ChessBase"]
[PlyCount "58"]
[EventDate "2020.01.18"]
[EventCountry "NED"]
[SourceTitle "playchess.com"]
[Source "ChessBase"]
[SourceQuality "1"]
[TimeControl "40/6000+30:20/3000+30:900+30"]

1. e4 c5 2. Nf3 d6 3. d4 cxd4 4. Nxd4 Nf6 5. Nc3 a6 6. Be2 Nbd7 7. Nb3 e6 8. a4 b6 9. f4 Bb7 10. Bf3 Be7 11. O-O Qc7 12. Qd3 h6 13. Re1 Rd8 14. Qe2 O-O 15. Be3 d5 16. exd5 exd5 17. Rad1 Bb4 18. Qd3 Nc5 19. Nxc5 bxc5 20. Bd2 d4 21. Ne4 Bxe4 22. Bxe4 c4 23. Qe2 Rfe8 24. Bxb4 Nxe4 25. Qf3 f5 26. a5 Rb8 27. c3 Qa7 28. Kf1 d3 29. g3 Nd2+ 0-1

[Event "82nd Tata Steel Qualifiers 2020"]
[Site "Wijk aan Zee"]
[Date "2020.01.18"]
[Round "2.3"]
[White "Van Dael, Siem"]
[Black "Zwirs, Nico"]
[Result "0-1"]
[ECO "B90"]
[WhiteElo "2252"]
[BlackElo "2418"]
[Annotator "ChessBase"]
[PlyCount "76"]
[EventDate "2020.01.18"]
[EventCountry "NED"]
[SourceTitle "playchess.com"]
[Source "ChessBase"]
[SourceQuality "1"]
[TimeControl "40/6000+30:20/3000+30:900+30"]

1. e4 c5 2. Nf3 d6 3. d4 cxd4 4. Nxd4 Nf6 5. Nc3 a6 6. Be3 e5 7. Nf3 Be7 8. Bc4 O-O 9. O-O Nc6 10. Bb3 h6 11. Qe2 Na5 12. Nd5 Nxb3 13. Bb6 Qd7 14. axb3 Nxd5 15. exd5 Bd8 16. Qe3 f5 17. Bxd8 Qxd8 18. Nd2 f4 19. Qd3 Bf5 20. Ne4 Bxe4 21. Qxe4 f3 22. gxf3 Rf4 23. Qg6 Rxf3 24. Ra4 Qd7 25. Rb4 Rf6 26. Qd3 Raf8 27. Kg2 Rf4 28. Rxf4 Rxf4 29. c3 e4 30. Qe2 Qf5 31. Rd1 Rh4 32. Qe3 Qg6+ 33. Kf1 Rxh2 34. Ke2 Qg4+ 35. Kd2 Rh3 36. Rg1 Qxg1 37. Qxh3 Qxf2+ 38. Kc1 Kh7 0-1

[Event "82nd Tata Steel Qualifiers 2020"]
[Site "Wijk aan Zee"]
[Date "2020.01.18"]
[Round "2.4"]
[White "De Boer, Eelke"]
[Black "Beukema, Stefan"]
[Result "1-0"]
[ECO "C84"]
[WhiteElo "2324"]
[BlackElo "2389"]
[Annotator "ChessBase"]
[PlyCount "87"]
[EventDate "2020.01.18"]
[EventCountry "NED"]
[SourceTitle "playchess.com"]
[Source "ChessBase"]
[SourceQuality "1"]
[TimeControl "40/6000+30:20/3000+30:900+30"]

1. e4 e5 2. Nf3 Nc6 3. Bb5 a6 4. Ba4 Nf6 5. O-O Be7 6. d3 b5 7. Bb3 d6 8. a3 Be6 9. Bxe6 fxe6 10. c3 O-O 11. Re1 Nd7 12. d4 Bf6 13. a4 exd4 14. cxd4 b4 15. Be3 Na5 16. Nbd2 d5 17. e5 Be7 18. Rc1 c5 19. dxc5 Rc8 20. Nd4 Nxc5 21. Rxc5 Bxc5 22. Nxe6 Bxe3 23. Rxe3 d4 24. Rd3 Qd5 25. Nxf8 Kxf8 26. h3 Nc6 27. f4 Qa2 28. Qb3 Qa1+ 29. Kf2 Qc1 30. Nf1 Ke7 31. g3 Rf8 32. Rd2 g5 33. Rc2 Qd1 34. Qc4 gxf4 35. Qc5+ Kf7 36. Qxc6 fxg3+ 37. Kxg3 Kg7 38. Rf2 Qe1 39. Qd7+ Kg8 40. Qxd4 Rxf2 41. Qxf2 Qxe5+ 42. Kg2 Qd5+ 43. Qf3 Qd4 44. Qg4+ 1-0

[Event "82nd Tata Steel Qualifiers 2020"]
[Site "Wijk aan Zee"]
[Date "2020.01.19"]
[Round "3.2"]
[White "Pijpers, Arthur"]
[Black "De Boer, Eelke"]
[Result "1-0"]
[ECO "B94"]
[WhiteElo "2480"]
[BlackElo "2324"]
[Annotator "ChessBase"]
[PlyCount "73"]
[EventDate "2020.01.18"]
[EventCountry "NED"]
[SourceTitle "playchess.com"]
[Source "ChessBase"]
[SourceQuality "1"]
[TimeControl "40/6000+30:20/3000+30:900+30"]

1. e4 c5 2. Nf3 d6 3. d4 cxd4 4. Nxd4 Nf6 5. Nc3 a6 6. Bg5 Nbd7 7. f4 Qa5 8. Qd3 h6 9. Bxf6 Nxf6 10. f5 b5 11. O-O-O b4 12. Qc4 Bb7 13. Nc6 Qc5 14. Qxc5 dxc5 15. Nb5 axb5 16. Bxb5 e5 17. Na5+ Ke7 18. Nxb7 g5 19. Nxc5 Bg7 20. Na6 Nxe4 21. Nxb4 Rhc8 22. Nd5+ Kf8 23. Nb6 Nf2 24. a4 Nxh1 25. Rxh1 Ke7 26. Rd1 Rcb8 27. Rd7+ Kf6 28. Nxa8 Rxa8 29. g4 Bf8 30. Kd2 h5 31. h3 hxg4 32. hxg4 e4 33. Rd5 Bb4+ 34. c3 Ba5 35. Ke3 Rd8 36. Rxd8 Bxd8 37. Kxe4 1-0

[Event "82nd Tata Steel Qualifiers 2020"]
[Site "Wijk aan Zee"]
[Date "2020.01.19"]
[Round "3.3"]
[White "Beukema, Stefan"]
[Black "Slingerland, Fred"]
[Result "1-0"]
[ECO "D00"]
[WhiteElo "2389"]
[BlackElo "2333"]
[Annotator "RC"]
[PlyCount "57"]
[EventDate "2020.01.18"]
[EventCountry "NED"]
[SourceTitle "playchess.com"]
[Source "ChessBase"]
[SourceQuality "1"]
[TimeControl "40/6000+30:20/3000+30:900+30"]

1. d4 d5 2. Bf4 Nf6 3. e3 c5 4. Nc3 a6 5. dxc5 Nc6 6. a3 e5 7. Bg5 d4 8. exd4 Nxd4 9. Ne4 Bf5 10. Bd3 Be7 11. Bxf6 gxf6 12. c3 Qd5 13. f3 Nc6 14. b4 Be6 15. Qc2 a5 16. Rd1 axb4 17. axb4 Qd7 18. Ne2 f5 19. N4g3 f4 20. Nf5 Rg8 21. O-O Ra2 22. Qb1 Qc8 23. Rf2 Qa8 24. Bb5 Qa3 25. Qd3 Qb2 26. Nd6+ Kf8 27. Qxh7 Qb3 28. Rb1 Qd5 29. Bc4 1-0

[Event "82nd Tata Steel Qualifiers 2020"]
[Site "Wijk aan Zee"]
[Date "2020.01.19"]
[Round "4.1"]
[White "Zwirs, Nico"]
[Black "Suleymanli, Aydin"]
[Result "1/2-1/2"]
[ECO "C18"]
[WhiteElo "2418"]
[BlackElo "2473"]
[Annotator "RC"]
[PlyCount "103"]
[EventDate "2020.01.18"]
[EventCountry "NED"]
[SourceTitle "playchess.com"]
[Source "ChessBase"]
[SourceQuality "1"]
[TimeControl "40/6000+30:20/3000+30:900+30"]

1. e4 e6 2. d4 d5 3. Nc3 Bb4 4. e5 c5 5. a3 Bxc3+ 6. bxc3 Qa5 7. Bd2 Qa4 8. Qb1 c4 9. Nh3 Nc6 10. Nf4 Nge7 11. Nh5 Rg8 12. g3 Bd7 13. Bh3 O-O-O 14. O-O Rdf8 15. Re1 Kb8 16. Qb2 Ka8 17. Rab1 b6 18. Re2 Ng6 19. Kh1 Nd8 20. Rbe1 f6 21. exf6 gxf6 22. Nf4 e5 23. Nxg6 hxg6 24. Bg2 e4 25. Qb4 Qa6 26. f3 f5 27. Rf1 Re8 28. Be3 Be6 29. f4 Nc6 30. Qb2 b5 31. Rb1 Rb8 32. Ree1 Rg7 33. Kg1 Qc8 34. h4 a5 35. Bf1 Ra7 36. Ra1 Rbb7 37. Kf2 Qf8 38. Reb1 Kb8 39. Be2 Kc8 40. Kg2 Rb8 41. Qc1 Rab7 42. Bd1 b4 43. axb4 axb4 44. cxb4 Rxb4 45. Qa3 Kc7 46. Rxb4 Qxb4 47. Qxb4 Rxb4 48. c3 Rb5 49. Kh3 Rb2 50. Bc1 Rf2 51. Be3 Rb2 52. Bc1 1/2-1/2

[Event "82nd Tata Steel Qualifiers 2020"]
[Site "Wijk aan Zee"]
[Date "2020.01.20"]
[Round "4.4"]
[White "Suleymanli, Aydin"]
[Black "Beerdsen, Thomas"]
[Result "*"]
[ECO "B56"]
[WhiteElo "2473"]
[BlackElo "2495"]
[Annotator "RC"]
[PlyCount "31"]
[EventDate "2020.01.18"]
[EventCountry "NED"]
[SourceTitle "playchess.com"]
[Source "ChessBase"]
[SourceQuality "1"]
[TimeControl "40/6000+30:20/3000+30:900+30"]

1. e4 c5 2. Nf3 d6 3. d4 cxd4 4. Nxd4 Nf6 5. Nc3 Bd7 6. h3 Nc6 7. g4 g6 8. Be3 Bg7 9. Qd2 O-O 10. O-O-O b5 11. Nxc6 Bxc6 12. Bg2 Qa5 13. Kb1 b4 14. Nd5 Nxd5 15. exd5 Bc3 16. Qc1 *

[Event "82nd Tata Steel Qualifiers 2020"]
[Site "Wijk aan Zee"]
[Date "2020.01.20"]
[Round "4.4"]
[White "De Boer, Eelke"]
[Black "Zwirs, Nico"]
[Result "0-1"]
[ECO "B56"]
[WhiteElo "2324"]
[BlackElo "2418"]
[Annotator "ChessBase"]
[PlyCount "114"]
[EventDate "2020.01.18"]
[EventCountry "NED"]
[SourceTitle "playchess.com"]
[Source "ChessBase"]
[SourceQuality "1"]
[TimeControl "40/6000+30:20/3000+30:900+30"]

1. e4 c5 2. Nf3 d6 3. d4 cxd4 4. Nxd4 Nf6 5. Nc3 Bd7 6. h3 Nc6 7. g4 g6 8. Be3 Bg7 9. Qd2 O-O 10. O-O-O b5 11. Nxc6 Bxc6 12. Bg2 Qa5 13. Kb1 b4 14. Nd5 Nxd5 15. exd5 Bc3 16. Qc1 Bb5 17. Bd2 Rfc8 18. Bxc3 bxc3 19. b3 Rab8 20. Rd4 Rb6 21. a3 Ra6 22. Ka2 Qb6 23. Rf4 Bd7 24. Bf1 Ra5 25. Bc4 Bb5 26. Bxb5 Rxb5 27. Re1 Rc7 28. Qd1 Qb7 29. Rd4 Rcc5 30. Qd3 Rxd5 31. Rxd5 Rxd5 32. Qxc3 Rc5 33. Qd3 Qg2 34. Re2 Rd5 35. Qe4 Qxe4 36. Rxe4 e5 37. Re2 f5 38. b4 Kf7 39. gxf5 gxf5 40. Kb3 Ke6 41. a4 Rd1 42. Kc4 d5+ 43. Kc5 d4 44. a5 e4 45. b5 Ke5 46. Kc4 f4 47. f3 e3 48. b6 axb6 49. axb6 Kd6 50. c3 dxc3 51. Kxc3 Rb1 52. Ra2 Rxb6 53. Ra4 Ke5 54. Ra5+ Kf6 55. Kd3 Rb3+ 56. Ke2 Rb2+ 57. Ke1 Rf2 0-1

[Event "82nd Tata Steel Qualifiers 2020"]
[Site "Wijk aan Zee"]
[Date "2020.01.22"]
[Round "6.1"]
[White "Pijpers, Arthur"]
[Black "Zwirs, Nico"]
[Result "0-1"]
[ECO "B24"]
[WhiteElo "2480"]
[BlackElo "2418"]
[Annotator "ChessBase"]
[PlyCount "84"]
[EventDate "2020.01.18"]
[EventCountry "NED"]
[SourceTitle "playchess.com"]
[Source "ChessBase"]
[SourceQuality "1"]
[TimeControl "40/6000+30:20/3000+30:900+30"]

1. e4 c5 2. Nc3 d6 3. Nge2 Nf6 4. g3 e5 5. Bg2 Nc6 6. O-O Be7 7. d3 O-O 8. f4 Rb8 9. a4 a6 10. f5 b5 11. axb5 axb5 12. Bg5 Ng4 13. Bd2 Nf6 14. g4 Nxg4 15. Ng3 Nf6 16. Nd5 Nxd5 17. exd5 Nb4 18. Nh5 f6 19. Be4 Rf7 20. Kh1 Bf8 21. c3 Na6 22. Rf3 c4 23. d4 Nc7 24. Rh3 Ra8 25. Rb1 Bb7 26. Qf3 Ra7 27. Rg1 Qa8 28. Nf4 exf4 29. Qh5 Rd7 30. Qxh7+ Kf7 31. Qg6+ Ke7 32. Re1 Ra1 33. Bb1+ Kd8 34. Rh8 Bxd5+ 35. Kg1 Rf7 36. Bxf4 Kd7 37. Qg3 Qc6 38. Bc2 Rxe1+ 39. Qxe1 Re7 40. Qg3 Re2 41. Kf1 Re8 42. Bd1 Qa6 0-1

[Event "82nd Tata Steel Qualifiers 2020"]
[Site "Wijk aan Zee"]
[Date "2020.01.22"]
[Round "6.4"]
[White "Suleymanli, Aydin"]
[Black "Akash G"]
[Result "0-1"]
[ECO "E47"]
[WhiteElo "2473"]
[BlackElo "2461"]
[Annotator "ChessBase"]
[PlyCount "90"]
[EventDate "2020.01.18"]
[EventCountry "NED"]
[SourceTitle "playchess.com"]
[Source "ChessBase"]
[SourceQuality "1"]
[TimeControl "40/6000+30:20/3000+30:900+30"]

1. d4 Nf6 2. c4 e6 3. Nc3 Bb4 4. e3 O-O 5. Bd3 c5 6. Nge2 cxd4 7. exd4 d5 8. c5 b6 9. a3 Bxc3+ 10. Nxc3 Nc6 11. Bb5 Bb7 12. b4 Ne4 13. Ne2 bxc5 14. dxc5 Qf6 15. Be3 e5 16. Bd3 Ne7 17. Bxe4 dxe4 18. b5 Bd5 19. Qc1 Qe6 20. O-O Bc4 21. Qb2 f5 22. c6 Rab8 23. a4 Nxc6 24. Rfc1 Na5 25. Bxa7 Ra8 26. b6 f4 27. Ra3 e3 28. fxe3 f3 29. gxf3 Rxf3 30. Ng3 Ba6 31. Qb4 Qh3 32. Qd2 Bb7 33. Qa2+ Kh8 34. e4 Rxa3 35. Qxa3 Bxe4 36. Qa2 Bb7 37. Qe2 Nb3 38. Qf1 Qh6 39. Rc7 Nd2 40. Qf5 Nf3+ 41. Kf1 Qxh2 42. Ne2 Qh1+ 43. Kf2 Qe1+ 44. Ke3 Qd2+ 45. Kf2 Nd4 0-1

[Event "82nd Tata Steel Qualifiers 2020"]
[Site "Wijk aan Zee"]
[Date "2020.01.22"]
[Round "6.5"]
[White "Slingerland, Fred"]
[Black "Van Dael, Siem"]
[Result "1/2-1/2"]
[ECO "B76"]
[WhiteElo "2333"]
[BlackElo "2252"]
[Annotator "RC"]
[PlyCount "39"]
[EventDate "2020.01.18"]
[EventCountry "NED"]
[SourceTitle "playchess.com"]
[Source "ChessBase"]
[SourceQuality "1"]
[TimeControl "40/6000+30:20/3000+30:900+30"]

1. e4 c5 2. Nf3 d6 3. d4 cxd4 4. Nxd4 Nf6 5. Nc3 g6 6. Be3 Bg7 7. f3 O-O 8. Qd2 Nc6 9. O-O-O d5 10. Kb1 Nxd4 11. e5 Nf5 12. exf6 exf6 13. Nxd5 Nxe3 14. Qxe3 Be6 15. Bc4 f5 16. c3 Re8 17. Qd3 a6 18. Nf4 Qxd3+ 19. Bxd3 Rad8 20. Nxe6 1/2-1/2

[Event "82nd Tata Steel Qualifiers 2020"]
[Site "Wijk aan Zee"]
[Date "2020.01.24"]
[Round "7.5"]
[White "Van Dael, Siem"]
[Black "Suleymanli, Aydin"]
[Result "0-1"]
[ECO "C18"]
[WhiteElo "2252"]
[BlackElo "2473"]
[Annotator "ChessBase"]
[PlyCount "100"]
[EventDate "2020.01.18"]
[EventCountry "NED"]
[SourceTitle "playchess.com"]
[Source "ChessBase"]
[SourceQuality "1"]
[TimeControl "40/6000+30:20/3000+30:900+30"]

1. e4 e6 2. d4 d5 3. Nc3 Bb4 4. e5 c5 5. a3 Ba5 6. b4 cxd4 7. Nb5 Bc7 8. f4 Bd7 9. Nxd4 Nc6 10. Ngf3 Nxd4 11. Nxd4 Bb6 12. Be3 Qc7 13. Qd2 Nh6 14. Be2 Rc8 15. O-O Qc3 16. Qxc3 Rxc3 17. Bf2 O-O 18. h3 f6 19. Bb5 Bxd4 20. Bxd4 Bxb5 21. Bxc3 Bxf1 22. Rxf1 Rc8 23. Rf3 fxe5 24. fxe5 Rc4 25. Rd3 b6 26. Kf2 Nf7 27. Ke2 Ng5 28. Kd1 Kf7 29. Bd4 Ne4 30. Rf3+ Ke8 31. c3 h5 32. g3 Ng5 33. Rf4 Ne4 34. Rf3 a5 35. Kc2 b5 36. bxa5 Ra4 37. Bb6 Rxa3 38. Re3 Ra2+ 39. Kb3 Ra4 40. Rd3 Kd7 41. Kb2 Kc6 42. Rd4 Nxg3 43. Rxa4 bxa4 44. Bd8 Kb5 45. Ka3 Ne4 46. c4+ dxc4 47. a6 Kxa6 48. Kxa4 c3 49. Kb3 Kb5 50. Be7 g5 0-1

[Event "82nd Tata Steel Qualifiers 2020"]
[Site "Wijk aan Zee"]
[Date "2020.01.25"]
[Round "8.1"]
[White "Zwirs, Nico"]
[Black "Beerdsen, Thomas"]
[Result "1-0"]
[ECO "B94"]
[WhiteElo "2418"]
[BlackElo "2495"]
[Annotator "ChessBase"]
[PlyCount "121"]
[EventDate "2020.01.18"]
[EventCountry "NED"]
[SourceTitle "playchess.com"]
[Source "ChessBase"]
[SourceQuality "1"]
[TimeControl "40/6000+30:20/3000+30:900+30"]

1. e4 c5 2. Nf3 d6 3. d4 cxd4 4. Nxd4 Nf6 5. Nc3 a6 6. Bg5 Nbd7 7. f4 Qa5 8. Qd3 e6 9. O-O-O Be7 10. Be2 h6 11. Bxf6 Nc5 12. Qd2 Bxf6 13. Kb1 O-O 14. Bf3 Bd7 15. Nd5 Bd8 16. Qxa5 Bxa5 17. Ne3 Rfd8 18. c3 Bc7 19. g3 Rab8 20. Rd2 b5 21. Rhd1 a5 22. b3 Rdc8 23. h4 Bd8 24. h5 Bf6 25. Ng4 Be7 26. Nf2 b4 27. c4 Bf6 28. Ne2 a4 29. Nc1 axb3 30. axb3 Bc3 31. Rxd6 Bc6 32. Kc2 e5 33. Ne2 Ra8 34. Nxc3 bxc3 35. Kxc3 Nxb3 36. fxe5 Nc5 37. Bg4 Rcb8 38. Rxc6 Ra3+ 39. Kd2 Rb2+ 40. Ke1 Rxg3 41. Rd8+ Kh7 42. Bf5+ g6 43. hxg6+ Kg7 44. Rd2 Rb1+ 45. Ke2 Nb3 46. Rc7 Nxd2 47. Rxf7+ Kg8 48. Be6 Rxg6 49. Rf6+ Kg7 50. Rxg6+ Kxg6 51. Kxd2 Rb2+ 52. Ke3 Rc2 53. Nh3 Kg7 54. Nf4 Kf8 55. Ng6+ Kg7 56. Nh4 h5 57. Kf4 Kh6 58. Bd5 Rf2+ 59. Kg3 Rf8 60. e6 Rg8+ 61. Kh3 1-0

[Event "82nd Tata Steel Qualifiers 2020"]
[Site "Wijk aan Zee"]
[Date "2020.01.25"]
[Round "8.2"]
[White "Pijpers, Arthur"]
[Black "Vogel, Roven"]
[Result "1/2-1/2"]
[ECO "B69"]
[WhiteElo "2480"]
[BlackElo "2465"]
[Annotator "ChessBase"]
[PlyCount "119"]
[EventDate "2020.01.18"]
[EventCountry "NED"]
[SourceTitle "playchess.com"]
[Source "ChessBase"]
[SourceQuality "1"]
[TimeControl "40/6000+30:20/3000+30:900+30"]

1. e4 c5 2. Nc3 Nc6 3. Nge2 d6 4. d4 cxd4 5. Nxd4 Nf6 6. Bg5 e6 7. Qd2 a6 8. O-O-O Bd7 9. f4 Be7 10. Nf3 b5 11. Bxf6 gxf6 12. Kb1 b4 13. Ne2 h5 14. f5 e5 15. Nc1 Qb6 16. Bc4 Na5 17. Qd5 Nxc4 18. Qxa8+ Bd8 19. Qd5 Ne3 20. Qxd6 Nxd1 21. Rxd1 Qxd6 22. Rxd6 Bb5 23. Nd3 a5 24. Nf2 Rg8 25. g3 Ke7 26. Rd5 Bc6 27. Rd2 Bb6 28. Re2 Bxf2 29. Rxf2 Bxe4 30. Nd2 Bd5 31. Nf1 Kd6 32. Ne3 Kc5 33. Kc1 Kd4 34. Kd2 Bxa2 35. b3 a4 36. bxa4 Ra8 37. h4 Rxa4 38. g4 b3 39. cxb3 Bxb3 40. gxh5 Ra2+ 41. Ke1 Ra8 42. Ng4 Ra1+ 43. Kd2 Rd1+ 44. Ke2 Rh1 45. Rh2 Ra1 46. Kf2 Bd1 47. Nxf6 Ra6 48. Rh1 Rxf6 49. Rxd1+ Ke4 50. Kg3 Kxf5 51. Rf1+ Ke6 52. Ra1 Ke7 53. Re1 Rf5 54. h6 Kf6 55. Kg4 Rf4+ 56. Kh5 Rf5+ 57. Kg4 Kg6 58. h7 Rf4+ 59. Kg3 Kxh7 60. Rxe5 1/2-1/2

[Event "82nd Tata Steel Qualifiers 2020"]
[Site "Wijk aan Zee"]
[Date "2020.01.26"]
[Round "9.1"]
[White "Vogel, Roven"]
[Black "Zwirs, Nico"]
[Result "1-0"]
[ECO "D43"]
[WhiteElo "2465"]
[BlackElo "2418"]
[Annotator "ChessBase"]
[PlyCount "111"]
[EventDate "2020.01.18"]
[EventCountry "NED"]
[SourceTitle "playchess.com"]
[Source "ChessBase"]
[SourceQuality "1"]
[TimeControl "40/6000+30:20/3000+30:900+30"]

1. d4 d5 2. c4 e6 3. Nf3 Nf6 4. Nc3 c6 5. Qd3 dxc4 6. Qxc4 b5 7. Qd3 Nbd7 8. Bg5 Be7 9. g3 b4 10. Nb1 c5 11. Bg2 Bb7 12. Nbd2 Rc8 13. O-O O-O 14. a3 bxa3 15. bxa3 cxd4 16. Qxd4 h6 17. Be3 Bc5 18. Qd3 Nb6 19. Qxd8 Rfxd8 20. Bxc5 Rxc5 21. Rfc1 Rxc1+ 22. Rxc1 Rc8 23. Rxc8+ Nxc8 24. Ne5 Bxg2 25. Kxg2 Nd5 26. Kf3 f6 27. Nec4 Kf7 28. Ke4 Ke7 29. Kd4 Kd7 30. e4 Ndb6 31. e5 Kc6 32. exf6 gxf6 33. Ne3 Nd6 34. Ng4 Nb5+ 35. Kd3 f5 36. Nxh6 Nxa3 37. f3 Kd6 38. g4 Ke5 39. g5 Nd5 40. Nf7+ Kf4 41. g6 Nf6 42. g7 e5 43. h4 e4+ 44. fxe4 fxe4+ 45. Nxe4 Ng8 46. Ng3 Nb5 47. h5 Nd6 48. h6 Nxf7 49. h7 Nfh6 50. Ne2+ Kf5 51. h8=Q Kg6 52. Nf4+ Kg5 53. Nd5 Kg6 54. Kc4 Kf7 55. Qh7 Ng4 56. Qh5+ 1-0